[ PARTIDA AOE2 · #482154162 ]
UnrankedSicilianos vs Poles
Equipo del jugador · DERR
Equipo rival · VICT
[ ANÁLISIS DE REPETICIÓN · EXTRAÍDO DE LA PARTIDA GRABADA ]
Feudal
22:09
Castillos
25:51
Imperial
44:32
| APM promedio | 12.5 |
| APM pico | 45 |
| eAPM promedio | 9.1 |
| Aldeanos / militares | 162 / 40 |
Foco
⚔️ 20.3% · 🌾 79.7%
Trade Cart ×90 · Knight ×40
Feudal
20:40
Castillos
34:48
Imperial
54:07
| APM promedio | 19.4 |
| APM pico | 62 |
| eAPM promedio | 11.5 |
| Aldeanos / militares | 190 / 60 |
Foco
⚔️ 26.8% · 🌾 73.2%
Steppe Lancer ×32 · Cavalry Archer ×25 · Mangonel ×2 · Monk ×1
Feudal
22:27
Castillos
37:49
Imperial
58:45
| APM promedio | 14.5 |
| APM pico | 48 |
| eAPM promedio | 8.5 |
| Aldeanos / militares | 237 / 0 |
Foco
⚔️ 18.6% · 🌾 81.4%
Trade Cart ×17 · Unknown (1920) ×5
Feudal
14:52
Castillos
22:47
Imperial
59:48
| APM promedio | 16.9 |
| APM pico | 43 |
| eAPM promedio | 9.8 |
| Aldeanos / militares | 163 / 49 |
Foco
⚔️ 12.3% · 🌾 87.7%
Spearman ×36 · Trade Cart ×17 · Mangonel ×8 · Berserk ×3 · Scorpion ×2
Feudal
17:37
Castillos
23:18
Imperial
47:47
| APM promedio | 20.5 |
| APM pico | 54 |
| eAPM promedio | 11.4 |
| Aldeanos / militares | 213 / 0 |
Foco
⚔️ 10.3% · 🌾 89.7%
Feudal
15:23
Castillos
22:49
Imperial
57:29
| APM promedio | 17.3 |
| APM pico | 84 |
| eAPM promedio | 6.5 |
| Aldeanos / militares | 196 / 1 |
Foco
⚔️ 22.5% · 🌾 77.5%
Trade Cart ×10 · Monk ×1
Feudal
15:55
Castillos
19:40
Imperial
74:13
| APM promedio | 13.3 |
| APM pico | 35 |
| eAPM promedio | 8.6 |
| Aldeanos / militares | 166 / 0 |
Foco
⚔️ 12.2% · 🌾 87.8%
Feudal
—
Castillos
—
Imperial
—
| APM promedio | 1227.5 |
| APM pico | 3782 |
| eAPM promedio | 1227.5 |
| Aldeanos / militares | 0 / 0 |
Foco
⚔️ 68.2% · 🌾 31.8%
Mapa de la partida
Recursos al inicio + cada clic de construcción. Línea gruesa = muro · recuadro discontinuo = muro de casas detectado. 🟡 oro · ⚪ piedra · 🟢 bayas · 🔶 jabalí · ⭕ reliquia
Inputs por minuto
— OPGG - - 超級老莫
Build order — OPGG
Primeras 150 de 495 acciones detectadas
| 2:22 | Construir | House |
| 2:25 | Construir | House |
| 4:01 | Construir | House |
| 4:05 | Construir | House |
| 4:16 | Construir | Lumber Camp |
| 6:14 | Construir | Town Center |
| 8:25 | Crear | Villager (Male) |
| 8:26 | Crear | Villager (Male) |
| 8:26 | Crear | Villager (Male) |
| 8:26 | Crear | Villager (Male) |
| 9:40 | Crear | Villager (Male) |
| 10:05 | Crear | Villager (Male) |
| 11:04 | Crear | Villager (Male) |
| 11:04 | Crear | Villager (Male) |
| 11:05 | Crear | Villager (Male) |
| 12:00 | Crear | Villager (Male) |
| 12:00 | Crear | Villager (Male) |
| 12:01 | Crear | Villager (Male) |
| 12:35 | Crear | Villager (Male) |
| 12:36 | Crear | Villager (Male) |
| 13:09 | Crear | Villager (Male) |
| 13:20 | Construir | Mill |
| 14:20 | Crear | Villager (Male) |
| 14:20 | Crear | Villager (Male) |
| 14:39 | Construir | Palisade Wall |
| 14:41 | Construir | Palisade Wall |
| 14:42 | Construir | Palisade Wall |
| 14:43 | Construir | Palisade Wall |
| 14:43 | Construir | Palisade Wall |
| 14:47 | Construir | Palisade Wall |
| 15:00 | Crear | Villager (Male) |
| 15:10 | Construir | Palisade Wall |
| 15:14 | Construir | Palisade Wall |
| 15:16 | Construir | Palisade Wall |
| 15:18 | Construir | Palisade Wall |
| 15:20 | Construir | Palisade Wall |
| 15:22 | Construir | Palisade Wall |
| 16:44 | Construir | Palisade Wall |
| 16:52 | Construir | Palisade Wall |
| 16:53 | Construir | Palisade Wall |
| 16:54 | Construir | Palisade Wall |
| 16:55 | Construir | Palisade Wall |
| 17:03 | Crear | Villager (Male) |
| 17:03 | Crear | Villager (Male) |
| 17:37 | Construir | Palisade Wall |
| 17:39 | Construir | Palisade Wall |
| 17:53 | Crear | Villager (Male) |
| 18:20 | Crear | Villager (Male) |
| 18:26 | Crear | Villager (Male) |
| 19:02 | Construir | Mill |
| 19:11 | Construir | Mining Camp |
| 19:27 | Crear | Villager (Male) |
| 19:40 | Construir | House |
| 19:42 | Construir | House |
| 19:43 | Construir | House |
| 19:47 | Construir | House |
| 19:50 | Construir | House |
| 19:52 | Investigar | Loom |
| 19:57 | Investigar | Feudal Age |
| 20:14 | Construir | Mining Camp |
| 20:58 | Construir | Mill |
| 21:12 | Crear | Villager (Male) |
| 21:13 | Crear | Villager (Male) |
| 22:09 | Edad | Edad Feudal |
| 22:11 | Construir | Market |
| 22:17 | Construir | Blacksmith |
| 23:03 | Construir | Mill |
| 23:11 | Investigar | Castle Age |
| 23:33 | Construir | Lumber Camp |
| 24:18 | Investigar | Double-Bit Axe |
| 25:29 | Construir | Farm |
| 25:29 | Construir | Farm |
| 25:29 | Construir | Farm |
| 25:51 | Edad | Edad de los Castillos |
| 25:53 | Construir | Lumber Camp |
| 26:01 | Crear | Villager (Male) |
| 26:04 | Investigar | Wheelbarrow |
| 26:19 | Investigar | Bow Saw |
| 27:08 | Construir | Mining Camp |
| 27:17 | Crear | Villager (Male) |
| 27:33 | Construir | Town Center |
| 28:01 | Crear | Villager (Male) |
| 28:20 | Crear | Villager (Male) |
| 28:24 | Investigar | Horse Collar |
| 28:31 | Crear | Villager (Male) |
| 28:35 | Crear | Villager (Male) |
| 28:35 | Crear | Villager (Male) |
| 28:36 | Crear | Villager (Male) |
| 28:47 | Construir | Farm |
| 28:48 | Construir | Farm |
| 28:49 | Construir | Farm |
| 28:50 | Construir | Farm |
| 28:54 | Crear | Villager (Male) |
| 28:55 | Crear | Villager (Male) |
| 29:15 | Construir | Town Center |
| 29:31 | Construir | Town Center |
| 29:42 | Crear | Villager (Male) |
| 29:42 | Crear | Villager (Male) |
| 30:15 | Investigar | Loom |
| 30:19 | Investigar | Town Watch |
| 30:33 | Construir | Farm |
| 30:33 | Construir | Farm |
| 32:13 | Construir | Stone Wall |
| 32:18 | Crear | Villager (Male) |
| 32:18 | Crear | Villager (Male) |
| 32:18 | Crear | Villager (Male) |
| 32:18 | Crear | Villager (Male) |
| 32:19 | Crear | Villager (Male) |
| 32:19 | Crear | Villager (Male) |
| 32:19 | Crear | Villager (Male) |
| 32:20 | Crear | Villager (Male) |
| 32:20 | Crear | Villager (Male) |
| 32:25 | Construir | Farm |
| 32:32 | Construir | Farm |
| 32:32 | Construir | Farm |
| 32:33 | Construir | Farm |
| 32:33 | Construir | Farm |
| 32:41 | Construir | Farm |
| 32:41 | Construir | Farm |
| 32:41 | Construir | Farm |
| 32:42 | Construir | Farm |
| 32:42 | Construir | Farm |
| 32:43 | Construir | Farm |
| 32:50 | Construir | Farm |
| 32:50 | Construir | Farm |
| 32:51 | Construir | Farm |
| 32:52 | Construir | Farm |
| 33:06 | Construir | Farm |
| 33:06 | Construir | Farm |
| 33:06 | Construir | Farm |
| 33:07 | Construir | Farm |
| 33:41 | Construir | Stone Wall |
| 34:06 | Construir | Farm |
| 34:06 | Crear | Villager (Male) |
| 34:07 | Crear | Villager (Male) |
| 34:07 | Crear | Villager (Male) |
| 34:07 | Crear | Villager (Male) |
| 34:08 | Crear | Villager (Male) |
| 34:08 | Crear | Villager (Male) |
| 34:08 | Crear | Villager (Male) |
| 34:08 | Crear | Villager (Male) |
| 34:09 | Crear | Villager (Male) |
| 34:11 | Crear | Villager (Male) |
| 34:11 | Crear | Villager (Male) |
| 34:12 | Crear | Villager (Male) |
| 34:19 | Construir | University |
| 34:50 | Construir | Stone Wall |
| 34:51 | Construir | Stone Wall |
| 34:52 | Construir | Stone Wall |
| 35:13 | Construir | Stone Wall |
Build order — 超級老莫
Primeras 150 de 482 acciones detectadas
| 1:49 | Construir | Town Center |
| 2:11 | Construir | House |
| 2:13 | Construir | House |
| 2:14 | Construir | House |
| 2:15 | Construir | House |
| 2:18 | Construir | Lumber Camp |
| 4:09 | Crear | Villager (Male) |
| 4:10 | Crear | Villager (Male) |
| 4:10 | Crear | Villager (Male) |
| 4:10 | Crear | Villager (Male) |
| 5:47 | Crear | Villager (Male) |
| 6:08 | Crear | Villager (Male) |
| 6:08 | Crear | Villager (Male) |
| 6:56 | Crear | Villager (Male) |
| 7:30 | Crear | Villager (Male) |
| 7:31 | Crear | Villager (Male) |
| 7:31 | Crear | Villager (Male) |
| 7:34 | Investigar | Loom |
| 7:55 | Construir | Palisade Wall |
| 7:56 | Construir | Palisade Wall |
| 7:57 | Construir | Palisade Wall |
| 7:58 | Construir | Palisade Wall |
| 7:58 | Construir | Palisade Wall |
| 7:59 | Construir | Palisade Wall |
| 8:36 | Crear | Villager (Male) |
| 8:56 | Crear | Villager (Male) |
| 9:33 | Construir | Palisade Wall |
| 9:37 | Construir | Palisade Wall |
| 9:38 | Construir | Palisade Wall |
| 9:39 | Construir | Palisade Wall |
| 9:41 | Crear | Villager (Male) |
| 10:12 | Construir | Mill |
| 10:17 | Crear | Villager (Male) |
| 10:37 | Crear | Villager (Male) |
| 11:49 | Investigar | Feudal Age |
| 14:48 | Construir | Lumber Camp |
| 16:52 | Construir | Town Center |
| 17:08 | Construir | Mining Camp |
| 17:40 | Crear | Villager (Male) |
| 17:41 | Crear | Villager (Male) |
| 17:48 | Crear | Villager (Male) |
| 17:54 | Investigar | Feudal Age |
| 18:16 | Construir | Mill |
| 19:04 | Construir | Mill |
| 20:40 | Edad | Edad Feudal |
| 20:53 | Construir | Barracks |
| 20:59 | Construir | Barracks |
| 21:19 | Crear | Villager (Male) |
| 21:19 | Crear | Villager (Male) |
| 21:24 | Construir | House |
| 22:05 | Construir | Barracks |
| 22:35 | Construir | House |
| 22:36 | Construir | House |
| 22:37 | Construir | House |
| 22:38 | Construir | House |
| 22:40 | Construir | House |
| 22:41 | Construir | House |
| 25:07 | Construir | Outpost |
| 25:17 | Construir | House |
| 25:19 | Crear | Villager (Male) |
| 25:20 | Crear | Villager (Male) |
| 25:30 | Construir | Outpost |
| 25:35 | Crear | Villager (Male) |
| 25:35 | Crear | Villager (Male) |
| 25:40 | Construir | House |
| 26:07 | Construir | Stone Wall |
| 26:23 | Investigar | Double-Bit Axe |
| 26:36 | Crear | Villager (Male) |
| 26:36 | Crear | Villager (Male) |
| 26:46 | Construir | Outpost |
| 26:55 | Crear | Villager (Male) |
| 27:04 | Crear | Villager (Male) |
| 27:22 | Construir | Stone Wall |
| 27:39 | Construir | Mining Camp |
| 29:09 | Construir | Stone Wall |
| 29:13 | Crear | Villager (Male) |
| 29:13 | Crear | Villager (Male) |
| 29:13 | Crear | Villager (Male) |
| 29:19 | Construir | Stone Wall |
| 29:34 | Crear | Villager (Male) |
| 29:47 | Construir | Blacksmith |
| 29:53 | Construir | Market |
| 30:12 | Construir | Stone Wall |
| 30:37 | Construir | Outpost |
| 30:41 | Crear | Villager (Male) |
| 31:14 | Construir | Outpost |
| 31:16 | Crear | Villager (Male) |
| 31:21 | Crear | Villager (Male) |
| 31:21 | Crear | Villager (Male) |
| 31:49 | Crear | Villager (Male) |
| 31:55 | Construir | Stone Wall |
| 32:01 | Investigar | Castle Age |
| 32:25 | Construir | Stone Wall |
| 32:33 | Construir | Barracks |
| 32:41 | Construir | Barracks |
| 33:21 | Construir | Stone Wall |
| 33:25 | Crear | Villager (Male) |
| 33:25 | Crear | Villager (Male) |
| 33:34 | Construir | Outpost |
| 33:40 | Construir | Stone Wall |
| 34:21 | Construir | Stone Wall |
| 34:38 | Construir | Outpost |
| 34:41 | Crear | Villager (Male) |
| 34:46 | Investigar | Town Watch |
| 34:48 | Edad | Edad de los Castillos |
| 34:59 | Crear | Villager (Male) |
| 35:00 | Crear | Villager (Male) |
| 35:17 | Construir | University |
| 35:22 | Investigar | Town Patrol |
| 35:23 | Crear | Villager (Male) |
| 35:54 | Crear | Villager (Male) |
| 36:03 | Construir | Stone Wall |
| 36:23 | Crear | Villager (Male) |
| 36:27 | Investigar | Guard Tower (upgrade) |
| 36:33 | Investigar | Fortified Wall (upgrade) |
| 36:41 | Construir | Town Center |
| 36:52 | Construir | Stone Wall |
| 37:00 | Construir | Outpost |
| 37:04 | Construir | Stone Wall |
| 37:06 | Construir | Stone Wall |
| 37:08 | Construir | Stone Wall |
| 37:14 | Crear | Villager (Male) |
| 37:15 | Crear | Villager (Male) |
| 37:37 | Construir | Stone Wall |
| 37:39 | Construir | Stone Wall |
| 38:07 | Construir | Mining Camp |
| 38:11 | Crear | Villager (Male) |
| 38:11 | Crear | Villager (Male) |
| 38:11 | Crear | Villager (Male) |
| 38:12 | Crear | Villager (Male) |
| 38:53 | Construir | Town Center |
| 39:03 | Construir | Stone Wall |
| 39:18 | Construir | Farm |
| 39:18 | Construir | Farm |
| 39:18 | Construir | Farm |
| 39:19 | Construir | Farm |
| 39:19 | Construir | Farm |
| 39:19 | Construir | Farm |
| 39:20 | Construir | Farm |
| 39:20 | Construir | Farm |
| 39:20 | Construir | Farm |
| 39:21 | Construir | Farm |
| 39:23 | Investigar | Horse Collar |
| 39:27 | Crear | Villager (Male) |
| 39:27 | Crear | Villager (Male) |
| 39:28 | Crear | Villager (Male) |
| 39:39 | Construir | Stone Wall |
| 39:44 | Construir | Stone Wall |
| 40:38 | Construir | Monastery |
| 40:55 | Crear | Villager (Male) |
Build order — Eugen
Primeras 150 de 437 acciones detectadas
| 0:34 | Construir | Town Center |
| 3:38 | Crear | Villager (Male) |
| 3:39 | Crear | Villager (Male) |
| 3:39 | Crear | Villager (Male) |
| 3:39 | Crear | Villager (Male) |
| 4:41 | Construir | House |
| 4:44 | Construir | House |
| 4:51 | Crear | Villager (Male) |
| 4:54 | Investigar | Loom |
| 4:55 | Crear | Villager (Male) |
| 4:55 | Crear | Villager (Male) |
| 5:47 | Construir | House |
| 5:49 | Construir | House |
| 5:52 | Construir | Mining Camp |
| 7:19 | Crear | Villager (Male) |
| 7:19 | Crear | Villager (Male) |
| 7:20 | Crear | Villager (Male) |
| 7:20 | Crear | Villager (Male) |
| 7:20 | Crear | Villager (Male) |
| 7:20 | Crear | Villager (Male) |
| 8:20 | Crear | Villager (Male) |
| 8:20 | Crear | Villager (Male) |
| 10:36 | Crear | Villager (Male) |
| 10:36 | Crear | Villager (Male) |
| 10:37 | Crear | Villager (Male) |
| 10:37 | Crear | Villager (Male) |
| 10:37 | Crear | Villager (Male) |
| 12:08 | Construir | House |
| 12:17 | Construir | Mining Camp |
| 12:24 | Crear | Villager (Male) |
| 12:24 | Crear | Villager (Male) |
| 12:25 | Crear | Villager (Male) |
| 14:10 | Construir | Lumber Camp |
| 14:17 | Crear | Villager (Male) |
| 14:17 | Crear | Villager (Male) |
| 14:20 | Crear | Villager (Male) |
| 14:41 | Investigar | Feudal Age |
| 18:08 | Construir | Town Center |
| 20:03 | Construir | Lumber Camp |
| 20:12 | Crear | Villager (Male) |
| 20:13 | Crear | Villager (Male) |
| 20:13 | Crear | Villager (Male) |
| 20:17 | Investigar | Feudal Age |
| 22:19 | Crear | Villager (Male) |
| 22:19 | Crear | Villager (Male) |
| 22:19 | Crear | Villager (Male) |
| 22:20 | Crear | Villager (Male) |
| 22:27 | Edad | Edad Feudal |
| 24:36 | Crear | Villager (Male) |
| 24:37 | Crear | Villager (Male) |
| 24:37 | Crear | Villager (Male) |
| 24:37 | Crear | Villager (Male) |
| 24:38 | Crear | Villager (Male) |
| 24:56 | Construir | Pasture |
| 25:55 | Construir | Pasture |
| 26:33 | Construir | Pasture |
| 26:38 | Crear | Villager (Male) |
| 26:38 | Crear | Villager (Male) |
| 28:49 | Crear | Villager (Male) |
| 28:49 | Crear | Villager (Male) |
| 28:50 | Crear | Villager (Male) |
| 29:21 | Crear | Villager (Male) |
| 29:50 | Construir | Stone Wall |
| 30:10 | Construir | Stone Wall |
| 30:14 | Crear | Villager (Male) |
| 30:14 | Crear | Villager (Male) |
| 30:26 | Construir | Stone Wall |
| 31:12 | Crear | Villager (Male) |
| 31:12 | Crear | Villager (Male) |
| 31:12 | Crear | Villager (Male) |
| 31:13 | Crear | Villager (Male) |
| 31:13 | Crear | Villager (Male) |
| 31:13 | Crear | Villager (Male) |
| 31:13 | Crear | Villager (Male) |
| 31:14 | Crear | Villager (Male) |
| 31:14 | Crear | Villager (Male) |
| 32:02 | Construir | Blacksmith |
| 32:15 | Construir | Mill |
| 32:57 | Construir | Stone Wall |
| 33:21 | Construir | Building 487 |
| 33:36 | Construir | Market |
| 33:37 | Construir | Market |
| 33:47 | Construir | Market |
| 33:59 | Construir | House |
| 34:00 | Construir | House |
| 34:01 | Construir | House |
| 34:02 | Construir | House |
| 34:04 | Construir | House |
| 34:05 | Construir | House |
| 34:10 | Construir | Mining Camp |
| 34:36 | Crear | Villager (Male) |
| 34:48 | Construir | Stone Wall |
| 35:01 | Construir | Stone Wall |
| 35:05 | Crear | Villager (Male) |
| 35:09 | Investigar | Castle Age |
| 35:22 | Construir | House |
| 35:23 | Construir | House |
| 35:24 | Construir | House |
| 36:06 | Construir | Lumber Camp |
| 36:30 | Crear | Villager (Male) |
| 36:31 | Crear | Villager (Male) |
| 36:31 | Crear | Villager (Male) |
| 36:40 | Construir | Stone Wall |
| 37:14 | Construir | Stone Wall |
| 37:38 | Construir | Pasture |
| 37:49 | Edad | Edad de los Castillos |
| 38:00 | Construir | Pasture |
| 38:22 | Construir | Town Center |
| 38:29 | Crear | Villager (Male) |
| 38:54 | Crear | Villager (Male) |
| 39:08 | Construir | University |
| 39:10 | Crear | Villager (Male) |
| 39:27 | Construir | Stone Wall |
| 39:34 | Construir | Stone Wall |
| 39:36 | Crear | Villager (Male) |
| 39:58 | Construir | Stone Wall |
| 40:15 | Crear | Villager (Male) |
| 40:16 | Crear | Villager (Male) |
| 40:17 | Crear | Villager (Male) |
| 40:26 | Crear | Villager (Male) |
| 40:27 | Crear | Villager (Male) |
| 40:41 | Crear | Villager (Male) |
| 41:10 | Construir | Town Center |
| 41:14 | Crear | Villager (Male) |
| 41:14 | Crear | Villager (Male) |
| 41:15 | Crear | Villager (Male) |
| 41:15 | Crear | Villager (Male) |
| 41:17 | Crear | Villager (Male) |
| 41:20 | Crear | Villager (Male) |
| 42:05 | Construir | House |
| 42:08 | Construir | House |
| 42:10 | Construir | House |
| 42:11 | Construir | House |
| 42:12 | Construir | House |
| 42:16 | Construir | House |
| 42:19 | Construir | Mining Camp |
| 42:21 | Crear | Villager (Male) |
| 42:21 | Crear | Villager (Male) |
| 42:22 | Crear | Villager (Male) |
| 42:22 | Crear | Villager (Male) |
| 42:22 | Crear | Villager (Male) |
| 42:33 | Investigar | Fortified Wall (upgrade) |
| 42:48 | Construir | Stone Wall |
| 43:06 | Construir | Mining Camp |
| 43:21 | Construir | Stone Wall |
| 43:23 | Crear | Villager (Male) |
| 43:24 | Crear | Villager (Male) |
| 43:24 | Crear | Villager (Male) |
| 43:25 | Crear | Villager (Male) |
| 43:25 | Crear | Villager (Male) |
Build order — john200527
Primeras 150 de 417 acciones detectadas
| 0:28 | Construir | House |
| 0:30 | Construir | House |
| 0:39 | Construir | Town Center |
| 1:37 | Construir | House |
| 2:38 | Construir | Lumber Camp |
| 3:07 | Construir | Lumber Camp |
| 3:22 | Crear | Villager (Male) |
| 3:22 | Crear | Villager (Male) |
| 3:23 | Crear | Villager (Male) |
| 4:49 | Crear | Villager (Male) |
| 7:41 | Crear | Villager (Male) |
| 7:41 | Crear | Villager (Male) |
| 8:10 | Crear | Villager (Male) |
| 8:52 | Crear | Villager (Male) |
| 9:23 | Crear | Villager (Male) |
| 9:34 | Crear | Villager (Male) |
| 9:57 | Construir | Mining Camp |
| 10:03 | Crear | Villager (Male) |
| 10:20 | Crear | Villager (Male) |
| 11:12 | Crear | Villager (Male) |
| 11:25 | Construir | House |
| 11:27 | Construir | House |
| 11:28 | Construir | House |
| 12:42 | Investigar | Feudal Age |
| 13:26 | Construir | Palisade Wall |
| 13:31 | Construir | Building 796 |
| 14:44 | Crear | Villager (Male) |
| 14:45 | Crear | Villager (Male) |
| 14:52 | Edad | Edad Feudal |
| 15:18 | Construir | Stone Wall |
| 15:30 | Construir | Stone Wall |
| 15:41 | Construir | Stone Wall |
| 15:48 | Construir | Building 487 |
| 15:55 | Crear | Villager (Male) |
| 15:55 | Crear | Villager (Male) |
| 16:02 | Crear | Villager (Male) |
| 16:51 | Construir | Blacksmith |
| 17:04 | Crear | Villager (Male) |
| 17:20 | Crear | Villager (Male) |
| 17:43 | Construir | Mill |
| 18:10 | Crear | Villager (Male) |
| 18:49 | Construir | Market |
| 18:56 | Construir | Farm |
| 19:15 | Construir | Stone Wall |
| 19:57 | Construir | Farm |
| 19:59 | Construir | Farm |
| 20:07 | Investigar | Castle Age |
| 20:15 | Construir | Farm |
| 20:19 | Construir | Farm |
| 20:23 | Construir | Farm |
| 20:27 | Crear | Villager (Male) |
| 20:28 | Crear | Villager (Male) |
| 20:50 | Construir | Stone Wall |
| 20:56 | Construir | Building 490 |
| 21:01 | Construir | Stone Wall |
| 21:25 | Construir | Building 487 |
| 21:36 | Construir | Stone Wall |
| 21:52 | Construir | House |
| 21:53 | Construir | House |
| 21:58 | Construir | House |
| 22:07 | Crear | Trade Cart |
| 22:08 | Crear | Trade Cart |
| 22:47 | Edad | Edad de los Castillos |
| 22:49 | Construir | House |
| 22:50 | Construir | House |
| 22:55 | Crear | Villager (Male) |
| 22:55 | Crear | Villager (Male) |
| 23:20 | Construir | Town Center |
| 23:26 | Construir | House |
| 23:27 | Construir | House |
| 23:41 | Crear | Villager (Male) |
| 24:13 | Construir | House |
| 24:29 | Construir | Stone Wall |
| 24:36 | Construir | Stone Wall |
| 24:41 | Crear | Villager (Male) |
| 24:41 | Crear | Villager (Male) |
| 24:47 | Construir | House |
| 25:03 | Crear | Villager (Male) |
| 25:04 | Crear | Villager (Male) |
| 25:20 | Construir | University |
| 25:49 | Construir | Stone Wall |
| 26:26 | Investigar | Fortified Wall (upgrade) |
| 26:26 | Investigar | Fortified Wall (upgrade) |
| 26:32 | Construir | Siege Workshop |
| 26:35 | Crear | Villager (Male) |
| 26:35 | Crear | Villager (Male) |
| 26:40 | Crear | Villager (Male) |
| 26:41 | Crear | Villager (Male) |
| 26:41 | Crear | Villager (Male) |
| 27:20 | Construir | Castle |
| 27:37 | Crear | Mangonel |
| 28:58 | Crear | Mangonel |
| 29:09 | Crear | Villager (Male) |
| 29:09 | Crear | Villager (Male) |
| 29:09 | Crear | Villager (Male) |
| 29:12 | Investigar | Loom |
| 29:30 | Construir | Stone Wall |
| 30:07 | Crear | Berserk |
| 30:29 | Construir | Stone Wall |
| 30:44 | Crear | Berserk |
| 30:45 | Crear | Berserk |
| 30:50 | Crear | Mangonel |
| 30:51 | Crear | Mangonel |
| 31:00 | Crear | Mangonel |
| 31:17 | Crear | Villager (Male) |
| 31:17 | Crear | Villager (Male) |
| 33:00 | Construir | Town Center |
| 33:46 | Crear | Villager (Male) |
| 33:47 | Crear | Villager (Male) |
| 33:47 | Crear | Villager (Male) |
| 34:06 | Crear | Villager (Male) |
| 34:06 | Crear | Villager (Male) |
| 34:06 | Crear | Villager (Male) |
| 34:25 | Crear | Trade Cart |
| 34:44 | Crear | Villager (Male) |
| 34:44 | Crear | Villager (Male) |
| 34:48 | Construir | Farm |
| 34:48 | Construir | Farm |
| 34:49 | Construir | Farm |
| 34:49 | Construir | Farm |
| 35:30 | Construir | Lumber Camp |
| 35:55 | Crear | Villager (Male) |
| 35:55 | Crear | Villager (Male) |
| 36:27 | Crear | Villager (Male) |
| 36:40 | Crear | Villager (Male) |
| 36:43 | Construir | Farm |
| 36:46 | Construir | Farm |
| 36:50 | Construir | Farm |
| 36:55 | Construir | Farm |
| 37:03 | Crear | Villager (Male) |
| 37:03 | Crear | Villager (Male) |
| 37:34 | Construir | Stone Wall |
| 37:44 | Construir | Building 665 |
| 38:17 | Crear | Villager (Male) |
| 38:17 | Crear | Villager (Male) |
| 38:27 | Construir | Lumber Camp |
| 38:33 | Construir | House |
| 38:34 | Construir | House |
| 38:35 | Construir | House |
| 38:36 | Construir | House |
| 38:37 | Construir | House |
| 39:09 | Construir | Town Center |
| 39:23 | Investigar | Double-Bit Axe |
| 39:39 | Crear | Villager (Male) |
| 40:57 | Construir | House |
| 40:58 | Construir | House |
| 40:59 | Construir | House |
| 41:01 | Construir | House |
| 41:02 | Construir | House |
| 41:09 | Crear | Villager (Male) |
Build order — 路人的逆襲
Primeras 150 de 447 acciones detectadas
| 2:09 | Construir | Town Center |
| 3:41 | Construir | House |
| 3:48 | Construir | House |
| 4:33 | Construir | House |
| 4:36 | Construir | House |
| 4:38 | Construir | House |
| 4:39 | Construir | House |
| 4:58 | Crear | Villager (Male) |
| 4:58 | Crear | Villager (Male) |
| 4:58 | Crear | Villager (Male) |
| 4:59 | Crear | Villager (Male) |
| 6:05 | Investigar | Loom |
| 7:00 | Crear | Villager (Male) |
| 7:01 | Crear | Villager (Male) |
| 7:19 | Construir | Lumber Camp |
| 7:44 | Crear | Villager (Male) |
| 7:45 | Crear | Villager (Male) |
| 9:18 | Crear | Villager (Male) |
| 9:18 | Crear | Villager (Male) |
| 9:19 | Crear | Villager (Male) |
| 10:37 | Construir | Mill |
| 11:03 | Crear | Villager (Male) |
| 11:03 | Crear | Villager (Male) |
| 11:33 | Crear | Villager (Male) |
| 12:22 | Crear | Villager (Male) |
| 12:23 | Crear | Villager (Male) |
| 12:23 | Crear | Villager (Male) |
| 12:24 | Crear | Villager (Male) |
| 12:35 | Crear | Villager (Male) |
| 13:01 | Construir | Mill |
| 13:13 | Crear | Villager (Male) |
| 13:13 | Crear | Villager (Male) |
| 13:48 | Crear | Villager (Male) |
| 13:49 | Crear | Villager (Male) |
| 15:13 | Construir | House |
| 15:27 | Investigar | Feudal Age |
| 15:42 | Construir | House |
| 16:14 | Crear | Villager (Male) |
| 16:14 | Crear | Villager (Male) |
| 17:02 | Crear | Villager (Male) |
| 17:02 | Crear | Villager (Male) |
| 17:37 | Edad | Edad Feudal |
| 18:10 | Construir | Stone Wall |
| 18:24 | Construir | Market |
| 18:43 | Construir | Blacksmith |
| 19:01 | Construir | Stone Wall |
| 19:11 | Construir | Mining Camp |
| 20:19 | Construir | Stone Wall |
| 20:38 | Investigar | Castle Age |
| 20:40 | Crear | Villager (Male) |
| 20:40 | Crear | Villager (Male) |
| 21:05 | Construir | Stone Wall |
| 21:36 | Construir | Stone Wall |
| 21:55 | Construir | Stone Wall |
| 22:24 | Construir | Stone Wall |
| 22:29 | Construir | Stone Wall |
| 22:59 | Construir | Building 487 |
| 23:18 | Edad | Edad de los Castillos |
| 23:33 | Construir | Stone Wall |
| 23:36 | Construir | Stone Wall |
| 23:50 | Construir | Stone Wall |
| 24:01 | Construir | Building 490 |
| 24:18 | Investigar | Wheelbarrow |
| 24:19 | Crear | Villager (Male) |
| 24:19 | Crear | Villager (Male) |
| 24:20 | Crear | Villager (Male) |
| 24:31 | Construir | Mining Camp |
| 24:40 | Construir | Stone Wall |
| 24:44 | Construir | Building 490 |
| 24:58 | Construir | Town Center |
| 25:03 | Construir | University |
| 25:17 | Crear | Villager (Male) |
| 25:17 | Crear | Villager (Male) |
| 25:20 | Investigar | Town Watch |
| 25:24 | Construir | Stone Wall |
| 25:57 | Investigar | Stone Mining |
| 26:48 | Construir | House |
| 26:49 | Construir | House |
| 26:50 | Construir | House |
| 26:50 | Construir | House |
| 26:52 | Construir | House |
| 26:53 | Construir | House |
| 26:54 | Construir | House |
| 26:55 | Construir | House |
| 26:58 | Crear | Villager (Male) |
| 26:59 | Crear | Villager (Male) |
| 27:01 | Crear | Villager (Male) |
| 27:21 | Investigar | Fortified Wall (upgrade) |
| 27:50 | Construir | Stone Wall |
| 28:17 | Crear | Villager (Male) |
| 28:24 | Construir | Farm |
| 28:25 | Construir | Farm |
| 28:25 | Construir | Farm |
| 28:26 | Construir | Farm |
| 28:26 | Construir | Farm |
| 28:26 | Construir | Farm |
| 28:45 | Construir | Stone Wall |
| 28:51 | Construir | Stone Wall |
| 29:18 | Construir | Stone Wall |
| 29:54 | Construir | Farm |
| 29:56 | Crear | Villager (Male) |
| 29:57 | Crear | Villager (Male) |
| 30:38 | Construir | Town Center |
| 31:02 | Investigar | Double-Bit Axe |
| 31:44 | Construir | Outpost |
| 31:55 | Crear | Villager (Male) |
| 31:57 | Crear | Villager (Male) |
| 33:11 | Crear | Villager (Male) |
| 33:12 | Crear | Villager (Male) |
| 33:12 | Crear | Villager (Male) |
| 33:18 | Construir | Stone Wall |
| 33:22 | Crear | Villager (Male) |
| 33:23 | Crear | Villager (Male) |
| 33:59 | Construir | Castle |
| 34:03 | Crear | Villager (Male) |
| 34:03 | Crear | Villager (Male) |
| 34:07 | Construir | Farm |
| 34:07 | Construir | Farm |
| 34:08 | Construir | Farm |
| 34:08 | Construir | Farm |
| 34:08 | Construir | Farm |
| 34:09 | Construir | Farm |
| 34:14 | Investigar | Horse Collar |
| 34:17 | Construir | Mining Camp |
| 34:27 | Construir | Mining Camp |
| 34:46 | Construir | Stone Wall |
| 34:50 | Construir | Building 490 |
| 34:52 | Crear | Villager (Male) |
| 34:53 | Crear | Villager (Male) |
| 34:53 | Crear | Villager (Male) |
| 35:26 | Construir | Town Center |
| 35:52 | Construir | Town Center |
| 36:02 | Crear | Villager (Male) |
| 36:02 | Crear | Villager (Male) |
| 36:16 | Construir | Stone Wall |
| 36:25 | Crear | Villager (Male) |
| 36:26 | Crear | Villager (Male) |
| 36:26 | Crear | Villager (Male) |
| 36:30 | Crear | Villager (Male) |
| 36:31 | Crear | Villager (Male) |
| 36:32 | Crear | Villager (Male) |
| 36:42 | Construir | Stone Wall |
| 36:47 | Construir | Building 490 |
| 36:50 | Crear | Villager (Male) |
| 36:50 | Crear | Villager (Male) |
| 37:14 | Construir | Town Center |
| 37:29 | Construir | Lumber Camp |
| 37:49 | Construir | Stone Wall |
| 37:54 | Investigar | Heavy Plow |
| 37:57 | Crear | Villager (Male) |
Build order — s520s
Primeras 150 de 226 acciones detectadas
| 0:17 | Construir | Town Center |
| 1:14 | Construir | House |
| 1:16 | Construir | House |
| 1:20 | Construir | House |
| 1:22 | Construir | House |
| 2:37 | Investigar | Loom |
| 4:18 | Construir | Lumber Camp |
| 4:26 | Crear | Villager (Male) |
| 4:27 | Crear | Villager (Male) |
| 5:45 | Construir | Palisade Wall |
| 5:59 | Crear | Villager (Male) |
| 6:12 | Crear | Villager (Male) |
| 6:12 | Crear | Villager (Male) |
| 6:49 | Crear | Villager (Male) |
| 6:49 | Crear | Villager (Male) |
| 7:54 | Crear | Villager (Male) |
| 9:28 | Crear | Villager (Male) |
| 9:28 | Crear | Villager (Male) |
| 9:28 | Crear | Villager (Male) |
| 9:29 | Crear | Villager (Male) |
| 9:29 | Crear | Villager (Male) |
| 9:30 | Crear | Villager (Male) |
| 9:31 | Crear | Villager (Male) |
| 11:04 | Crear | Villager (Male) |
| 11:04 | Crear | Villager (Male) |
| 11:27 | Construir | Mill |
| 12:57 | Investigar | Feudal Age |
| 14:05 | Construir | Mining Camp |
| 14:19 | Crear | Villager (Male) |
| 14:20 | Crear | Villager (Male) |
| 14:20 | Crear | Villager (Male) |
| 14:21 | Crear | Villager (Male) |
| 15:10 | Crear | Villager (Male) |
| 15:23 | Edad | Edad Feudal |
| 15:31 | Construir | Stone Wall |
| 15:48 | Construir | Stone Wall |
| 16:07 | Construir | Stone Wall |
| 16:25 | Construir | Stone Wall |
| 16:33 | Construir | Building 490 |
| 16:58 | Construir | Blacksmith |
| 17:07 | Construir | House |
| 17:38 | Crear | Villager (Male) |
| 17:38 | Crear | Villager (Male) |
| 17:39 | Crear | Villager (Male) |
| 17:53 | Construir | Stone Wall |
| 18:07 | Construir | Stone Wall |
| 18:33 | Construir | Market |
| 18:47 | Investigar | Double-Bit Axe |
| 19:09 | Construir | Lumber Camp |
| 19:19 | Crear | Villager (Male) |
| 19:20 | Crear | Villager (Male) |
| 19:26 | Crear | Villager (Male) |
| 19:45 | Crear | Villager (Male) |
| 19:53 | Investigar | Double-Bit Axe |
| 19:58 | Investigar | Castle Age |
| 20:04 | Crear | Villager (Male) |
| 20:04 | Crear | Villager (Male) |
| 20:05 | Crear | Villager (Male) |
| 20:05 | Crear | Villager (Male) |
| 20:07 | Crear | Villager (Male) |
| 20:43 | Construir | Stone Wall |
| 20:45 | Construir | Stone Wall |
| 20:54 | Construir | Stone Wall |
| 21:03 | Crear | Villager (Male) |
| 21:03 | Crear | Villager (Male) |
| 21:08 | Construir | House |
| 21:09 | Construir | House |
| 22:49 | Edad | Edad de los Castillos |
| 22:58 | Construir | Town Center |
| 23:22 | Construir | University |
| 23:28 | Construir | Monastery |
| 24:03 | Construir | Stone Wall |
| 24:05 | Investigar | Fortified Wall (upgrade) |
| 24:39 | Construir | Stone Wall |
| 24:41 | Crear | Villager (Male) |
| 24:42 | Crear | Villager (Male) |
| 25:01 | Construir | Stone Wall |
| 25:24 | Construir | Stone Wall |
| 25:35 | Construir | Stone Wall |
| 26:06 | Crear | Villager (Male) ×3 |
| 26:24 | Investigar | Horse Collar |
| 32:23 | Construir | Town Center |
| 35:04 | Crear | Villager (Male) |
| 35:05 | Crear | Villager (Male) |
| 35:34 | Construir | Town Center |
| 35:54 | Crear | Villager (Male) |
| 35:55 | Crear | Villager (Male) |
| 35:57 | Crear | Villager (Male) |
| 37:59 | Crear | Villager (Male) |
| 38:19 | Construir | Stone Wall |
| 38:26 | Construir | Building 487 |
| 39:26 | Crear | Villager (Male) |
| 39:27 | Crear | Villager (Male) |
| 39:31 | Crear | Villager (Male) ×2 |
| 40:21 | Construir | House |
| 40:25 | Construir | House |
| 40:28 | Construir | Monastery |
| 40:34 | Crear | Villager (Male) |
| 40:34 | Crear | Villager (Male) |
| 40:50 | Crear | Villager (Male) |
| 40:51 | Crear | Villager (Male) |
| 41:37 | Crear | Villager (Male) |
| 41:38 | Crear | Villager (Male) |
| 42:11 | Crear | Villager (Male) |
| 42:12 | Crear | Villager (Male) |
| 42:22 | Crear | Monk |
| 42:39 | Construir | Town Center |
| 42:46 | Construir | House |
| 42:48 | Construir | House |
| 42:49 | Construir | House |
| 42:51 | Construir | House |
| 42:57 | Crear | Villager (Male) |
| 42:58 | Crear | Villager (Male) |
| 43:03 | Crear | Villager (Male) ×5 |
| 44:08 | Construir | Town Center |
| 45:12 | Construir | Mill |
| 45:21 | Crear | Villager (Male) ×5 |
| 45:23 | Crear | Villager (Male) ×5 |
| 45:39 | Construir | Farm |
| 45:40 | Construir | Farm |
| 45:40 | Construir | Farm |
| 45:40 | Construir | Farm |
| 45:40 | Construir | Farm |
| 45:46 | Crear | Villager (Male) ×5 |
| 46:12 | Construir | Stone Wall |
| 46:48 | Crear | Villager (Male) ×5 |
| 47:08 | Investigar | Heavy Plow |
| 47:14 | Crear | Villager (Male) |
| 47:26 | Construir | Farm |
| 47:27 | Construir | Farm |
| 47:44 | Construir | Stone Wall |
| 47:53 | Construir | Building 487 |
| 48:15 | Crear | Villager (Male) ×5 |
| 48:25 | Construir | Farm |
| 48:26 | Construir | Farm |
| 48:26 | Construir | Farm |
| 48:26 | Construir | Farm |
| 48:27 | Construir | Farm |
| 48:28 | Construir | Farm |
| 48:34 | Construir | Farm |
| 48:35 | Construir | Farm |
| 48:37 | Construir | Farm |
| 49:11 | Construir | Farm |
| 49:12 | Construir | Farm |
| 49:12 | Construir | Farm |
| 49:12 | Construir | Farm |
| 49:13 | Construir | Farm |
| 49:13 | Construir | Farm |
| 50:06 | Construir | Blacksmith |
| 50:36 | Investigar | Fletching |
Build order — 記得要買VOO和QQQ
Primeras 150 de 387 acciones detectadas
| 1:53 | Construir | Town Center |
| 2:00 | Construir | House |
| 3:18 | Construir | House |
| 3:19 | Construir | House |
| 3:25 | Construir | House |
| 3:29 | Construir | House |
| 3:32 | Construir | Lumber Camp |
| 3:51 | Crear | Villager (Male) ×3 |
| 4:55 | Crear | Villager (Male) |
| 5:38 | Crear | Villager (Male) |
| 6:21 | Crear | Villager (Male) |
| 6:47 | Crear | Villager (Male) |
| 7:19 | Crear | Villager (Male) |
| 7:55 | Investigar | Loom |
| 7:57 | Crear | Villager (Male) |
| 7:58 | Crear | Villager (Male) |
| 8:04 | Crear | Villager (Male) |
| 8:34 | Crear | Villager (Male) |
| 9:03 | Crear | Villager (Male) |
| 10:15 | Construir | Mill |
| 10:24 | Crear | Villager (Male) |
| 10:25 | Crear | Villager (Male) |
| 10:26 | Crear | Villager (Male) |
| 10:26 | Crear | Villager (Male) |
| 10:56 | Crear | Villager (Male) |
| 12:07 | Crear | Villager (Male) |
| 12:09 | Crear | Villager (Male) |
| 12:12 | Crear | Villager (Male) |
| 12:16 | Construir | Mining Camp |
| 12:52 | Investigar | Feudal Age |
| 13:14 | Construir | House |
| 13:16 | Construir | House |
| 13:18 | Construir | House |
| 13:21 | Construir | House |
| 14:15 | Crear | Villager (Male) |
| 14:15 | Crear | Villager (Male) |
| 15:55 | Edad | Edad Feudal |
| 15:56 | Construir | Market |
| 15:59 | Construir | Blacksmith |
| 16:18 | Construir | Stone Wall |
| 16:32 | Construir | Stone Wall |
| 17:00 | Investigar | Castle Age |
| 17:07 | Construir | Stone Wall |
| 17:19 | Construir | Stone Wall |
| 17:21 | Construir | Building 487 |
| 17:42 | Construir | Building 487 |
| 18:02 | Construir | Stone Wall |
| 19:36 | Construir | Stone Wall |
| 19:40 | Edad | Edad de los Castillos |
| 19:44 | Construir | Stone Wall |
| 19:49 | Construir | Outpost |
| 25:40 | Construir | Town Center |
| 26:37 | Investigar | Double-Bit Axe |
| 26:50 | Crear | Villager (Male) |
| 26:51 | Crear | Villager (Male) |
| 26:51 | Crear | Villager (Male) |
| 26:52 | Crear | Villager (Male) |
| 26:52 | Crear | Villager (Male) |
| 27:25 | Crear | Villager (Male) |
| 27:26 | Crear | Villager (Male) |
| 28:14 | Crear | Villager (Male) |
| 28:19 | Crear | Villager (Male) |
| 28:50 | Construir | Town Center |
| 29:45 | Construir | Mining Camp |
| 30:49 | Crear | Villager (Male) |
| 30:56 | Crear | Villager (Male) |
| 31:21 | Crear | Villager (Male) |
| 31:28 | Construir | Outpost |
| 31:39 | Crear | Villager (Male) |
| 31:56 | Construir | Outpost |
| 32:05 | Construir | Mill |
| 33:03 | Construir | Stone Wall |
| 34:19 | Crear | Villager (Male) |
| 34:19 | Crear | Villager (Male) |
| 35:49 | Crear | Villager (Male) |
| 35:49 | Crear | Villager (Male) |
| 35:50 | Crear | Villager (Male) |
| 37:51 | Crear | Villager (Male) |
| 37:51 | Crear | Villager (Male) |
| 38:05 | Crear | Villager (Male) |
| 38:13 | Construir | University |
| 38:29 | Construir | Stone Wall |
| 38:32 | Crear | Villager (Male) |
| 38:50 | Construir | Town Center |
| 39:03 | Construir | Stone Wall |
| 42:13 | Construir | Mining Camp |
| 42:18 | Crear | Villager (Male) |
| 42:58 | Construir | Town Center |
| 45:55 | Construir | Market |
| 46:26 | Construir | Mill |
| 48:17 | Crear | Villager (Male) |
| 49:44 | Crear | Villager (Male) |
| 49:44 | Crear | Villager (Male) |
| 49:44 | Crear | Villager (Male) |
| 50:00 | Construir | Town Center |
| 50:53 | Construir | Barracks |
| 51:17 | Construir | Farm |
| 51:18 | Construir | Farm |
| 51:18 | Construir | Farm |
| 51:18 | Construir | Farm |
| 51:19 | Construir | Farm |
| 51:19 | Construir | Farm |
| 51:19 | Construir | Farm |
| 51:20 | Construir | Farm |
| 51:20 | Construir | Farm |
| 51:20 | Construir | Farm |
| 51:21 | Construir | Farm |
| 51:35 | Crear | Villager (Male) |
| 51:35 | Crear | Villager (Male) |
| 51:44 | Construir | Farm |
| 52:11 | Crear | Villager (Male) |
| 52:20 | Construir | Mining Camp |
| 52:32 | Construir | Farm |
| 52:44 | Crear | Villager (Male) |
| 53:02 | Crear | Villager (Male) |
| 55:27 | Crear | Villager (Male) |
| 55:28 | Crear | Villager (Male) |
| 55:28 | Crear | Villager (Male) |
| 55:28 | Crear | Villager (Male) |
| 55:29 | Crear | Villager (Male) ×5 |
| 55:30 | Crear | Villager (Male) ×2 |
| 55:42 | Construir | Mill |
| 55:50 | Construir | Farm |
| 55:50 | Construir | Farm |
| 55:55 | Construir | Farm |
| 56:01 | Construir | Farm |
| 56:11 | Crear | Villager (Male) |
| 56:11 | Crear | Villager (Male) |
| 56:12 | Crear | Villager (Male) |
| 56:21 | Construir | Farm |
| 56:21 | Construir | Farm |
| 56:28 | Crear | Villager (Male) |
| 56:28 | Crear | Villager (Male) |
| 56:33 | Construir | House |
| 56:34 | Construir | House |
| 56:34 | Construir | House |
| 56:35 | Construir | House |
| 56:36 | Construir | House |
| 56:48 | Construir | House |
| 56:51 | Construir | House |
| 56:52 | Construir | House |
| 56:52 | Construir | House |
| 56:56 | Construir | House |
| 56:57 | Construir | House |
| 57:01 | Construir | House |
| 57:01 | Construir | House |
| 57:02 | Construir | House |
| 57:03 | Construir | House |
| 57:04 | Construir | House |
| 57:04 | Construir | House |
Build order —
Primeras 150 de 1225 acciones detectadas
| 0:01 | Construir | Town Center |
| 0:50 | Construir | Barracks |
| 0:50 | Construir | Mill |
| 0:50 | Construir | House |
| 0:50 | Construir | Barracks |
| 1:16 | Construir | Barracks |
| 1:16 | Construir | House |
| 1:16 | Construir | Mill |
| 1:40 | Construir | Barracks |
| 1:41 | Construir | Mill |
| 1:41 | Construir | House |
| 1:46 | Construir | Barracks |
| 1:46 | Construir | House |
| 2:06 | Construir | Barracks |
| 2:06 | Construir | House |
| 2:09 | Construir | Barracks |
| 2:09 | Construir | House |
| 2:20 | Construir | Barracks |
| 2:20 | Construir | House |
| 2:20 | Construir | Barracks |
| 2:31 | Construir | Barracks |
| 2:31 | Construir | House |
| 2:41 | Construir | Barracks |
| 2:42 | Construir | House |
| 2:42 | Construir | Barracks |
| 2:51 | Construir | Barracks |
| 2:51 | Construir | House |
| 3:08 | Construir | Barracks |
| 3:08 | Construir | Barracks |
| 3:09 | Construir | Barracks |
| 4:19 | Construir | House |
| 4:19 | Construir | House |
| 4:24 | Construir | House |
| 4:29 | Construir | House |
| 4:29 | Construir | House |
| 4:30 | Construir | House |
| 4:31 | Construir | House |
| 4:36 | Construir | House |
| 4:39 | Construir | House |
| 4:40 | Construir | House |
| 4:40 | Construir | House |
| 4:41 | Construir | House |
| 5:00 | Construir | House |
| 6:40 | Construir | Lumber Camp |
| 6:41 | Construir | Farm |
| 6:51 | Construir | Farm |
| 6:59 | Construir | Farm |
| 7:06 | Investigar | Tech None |
| 7:06 | Construir | Mining Camp |
| 7:10 | Construir | Farm |
| 7:24 | Construir | Farm |
| 7:32 | Investigar | Tech None |
| 7:32 | Construir | Lumber Camp |
| 7:42 | Construir | Farm |
| 8:05 | Construir | Farm |
| 8:36 | Construir | Farm |
| 8:44 | Construir | Farm |
| 9:02 | Construir | Farm |
| 9:42 | Construir | Market |
| 9:43 | Construir | Stable |
| 9:44 | Construir | Stable |
| 9:44 | Construir | Stable |
| 9:45 | Construir | Stable |
| 9:46 | Construir | Stable |
| 9:47 | Construir | Stable |
| 9:47 | Construir | Stable |
| 9:48 | Construir | Stable |
| 9:49 | Construir | Stable |
| 9:49 | Construir | Stable |
| 9:50 | Construir | Stable |
| 9:51 | Construir | Stable |
| 9:52 | Construir | Stable |
| 9:52 | Construir | Stable |
| 9:53 | Construir | Stable |
| 9:54 | Construir | Archery Range |
| 9:55 | Construir | Archery Range |
| 10:07 | Construir | Archery Range |
| 10:07 | Construir | Blacksmith |
| 10:21 | Investigar | Tech None |
| 10:25 | Investigar | Tech None |
| 10:25 | Investigar | Tech None |
| 10:26 | Construir | Archery Range |
| 10:26 | Construir | Blacksmith |
| 10:26 | Construir | Mining Camp |
| 10:28 | Construir | Archery Range |
| 10:28 | Construir | Blacksmith |
| 10:32 | Construir | Archery Range |
| 10:32 | Construir | Blacksmith |
| 10:32 | Construir | Archery Range |
| 10:33 | Construir | Archery Range |
| 10:34 | Construir | Archery Range |
| 10:37 | Construir | Archery Range |
| 10:37 | Construir | Blacksmith |
| 10:43 | Construir | Archery Range |
| 10:43 | Construir | Blacksmith |
| 10:56 | Construir | Lumber Camp |
| 10:57 | Construir | Archery Range |
| 10:57 | Construir | Blacksmith |
| 10:57 | Construir | Archery Range |
| 10:58 | Construir | Archery Range |
| 10:59 | Construir | Archery Range |
| 11:00 | Construir | Archery Range |
| 11:14 | Construir | House |
| 11:15 | Construir | House |
| 11:18 | Construir | House |
| 11:19 | Construir | House |
| 11:20 | Construir | House |
| 11:20 | Construir | House |
| 11:21 | Construir | House |
| 11:23 | Construir | House |
| 11:28 | Construir | Lumber Camp |
| 11:28 | Construir | Lumber Camp |
| 11:42 | Construir | House |
| 11:42 | Investigar | Tech None |
| 11:57 | Construir | House |
| 11:58 | Construir | House |
| 12:02 | Construir | House |
| 12:12 | Investigar | Tech None |
| 12:13 | Construir | House |
| 12:14 | Construir | House |
| 12:15 | Construir | House |
| 12:16 | Construir | House |
| 12:17 | Construir | House |
| 12:28 | Investigar | Tech None |
| 12:59 | Investigar | Tech None |
| 13:40 | Investigar | Tech None |
| 13:49 | Construir | House |
| 13:50 | Construir | House |
| 13:51 | Construir | House |
| 13:52 | Construir | House |
| 13:53 | Construir | House |
| 13:54 | Construir | House |
| 13:54 | Construir | House |
| 13:55 | Construir | House |
| 13:56 | Construir | House |
| 13:57 | Construir | House |
| 14:06 | Construir | House |
| 14:08 | Construir | House |
| 14:53 | Investigar | Tech None |
| 14:53 | Investigar | Tech None |
| 14:53 | Investigar | Tech None |
| 14:53 | Investigar | Tech None |
| 14:53 | Investigar | Tech None |
| 14:53 | Investigar | Tech None |
| 14:54 | Construir | Castle |
| 14:55 | Construir | Siege Workshop |
| 14:57 | Construir | Siege Workshop |
| 14:58 | Construir | Siege Workshop |
| 14:59 | Construir | Siege Workshop |
| 14:59 | Construir | Siege Workshop |
Cronología de la partida
| 0:50 | · first_building Barracks |
| 5:45 | s520s · wall_segment Palisade Wall x2 |
| 7:55 | 超級老莫 · wall_segment Palisade Wall x1 |
| 7:56 | 超級老莫 · wall_segment Palisade Wall x1 |
| 7:57 | 超級老莫 · wall_segment Palisade Wall x1 |
| 7:58 | 超級老莫 · wall_segment Palisade Wall x2 |
| 7:58 | 超級老莫 · wall_segment Palisade Wall x1 |
| 7:59 | 超級老莫 · wall_segment Palisade Wall x1 |
| 9:33 | 超級老莫 · wall_segment Palisade Wall x1 |
| 9:37 | 超級老莫 · wall_segment Palisade Wall x1 |
| 9:38 | 超級老莫 · wall_segment Palisade Wall x1 |
| 9:39 | 超級老莫 · wall_segment Palisade Wall x1 |
| 9:43 | · first_building Stable |
| 9:54 | · first_building Archery Range |
| 13:26 | john200527 · wall_segment Palisade Wall x2 |
| 14:39 | OPGG · wall_segment Palisade Wall x1 |
| 14:41 | OPGG · wall_segment Palisade Wall x1 |
| 14:42 | OPGG · wall_segment Palisade Wall x1 |
| 14:43 | OPGG · wall_segment Palisade Wall x1 |
| 14:43 | OPGG · wall_segment Palisade Wall x1 |
| 14:47 | OPGG · wall_segment Palisade Wall x1 |
| 14:52 | john200527 · age_up feudal |
| 14:54 | · first_building Castle |
| 14:55 | · first_building Siege Workshop |
| 15:06 | · first_building Monastery |
| 15:10 | OPGG · wall_segment Palisade Wall x1 |
| 15:14 | OPGG · wall_segment Palisade Wall x1 |
| 15:16 | OPGG · wall_segment Palisade Wall x1 |
| 15:18 | john200527 · wall_segment Stone Wall x16 |
| 15:18 | OPGG · wall_segment Palisade Wall x1 |
| 15:20 | OPGG · wall_segment Palisade Wall x1 |
| 15:22 | OPGG · wall_segment Palisade Wall x1 |
| 15:23 | s520s · age_up feudal |
| 15:30 | john200527 · wall_segment Stone Wall x8 |
| 15:31 | s520s · wall_segment Stone Wall x20 |
| 15:41 | john200527 · wall_segment Stone Wall x3 |
| 15:48 | s520s · wall_segment Stone Wall x11 |
| 15:55 | 記得要買VOO和QQQ · age_up feudal |
| 16:07 | s520s · wall_segment Stone Wall x1 |
| 16:18 | 記得要買VOO和QQQ · wall_segment Stone Wall x12 |
| 16:25 | s520s · wall_segment Stone Wall x15 |
| 16:32 | 記得要買VOO和QQQ · wall_segment Stone Wall x11 |
| 16:44 | OPGG · wall_segment Palisade Wall x5 |
| 16:52 | OPGG · wall_segment Palisade Wall x1 |
| 16:53 | OPGG · wall_segment Palisade Wall x1 |
| 16:54 | OPGG · wall_segment Palisade Wall x1 |
| 16:55 | OPGG · wall_segment Palisade Wall x1 |
| 17:07 | 記得要買VOO和QQQ · wall_segment Stone Wall x10 |
| 17:19 | 記得要買VOO和QQQ · wall_segment Stone Wall x14 |
| 17:37 | 路人的逆襲 · age_up feudal |
| 17:37 | OPGG · wall_segment Palisade Wall x1 |
| 17:39 | OPGG · wall_segment Palisade Wall x1 |
| 17:53 | s520s · wall_segment Stone Wall x8 |
| 18:02 | 記得要買VOO和QQQ · wall_segment Stone Wall x11 |
| 18:07 | s520s · wall_segment Stone Wall x22 |
| 18:10 | 路人的逆襲 · wall_segment Stone Wall x29 |
| 19:01 | 路人的逆襲 · wall_segment Stone Wall x13 |
| 19:15 | john200527 · wall_segment Stone Wall x11 |
| 19:36 | 記得要買VOO和QQQ · wall_segment Stone Wall x6 |
| 19:40 | 記得要買VOO和QQQ · age_up castle |
| 19:44 | 記得要買VOO和QQQ · wall_segment Stone Wall x8 |
| 20:19 | 路人的逆襲 · wall_segment Stone Wall x32 |
| 20:40 | 超級老莫 · age_up feudal |
| 20:43 | s520s · wall_segment Stone Wall x9 |
| 20:45 | s520s · wall_segment Stone Wall x11 |
| 20:50 | john200527 · wall_segment Stone Wall x2 |
| 20:53 | 超級老莫 · first_building Barracks |
| 20:54 | s520s · wall_segment Stone Wall x23 |
| 21:01 | john200527 · wall_segment Stone Wall x1 |
| 21:05 | 路人的逆襲 · wall_segment Stone Wall x12 |
| 21:36 | john200527 · wall_segment Stone Wall x3 |
| 21:36 | 路人的逆襲 · wall_segment Stone Wall x2 |
| 21:55 | 路人的逆襲 · wall_segment Stone Wall x15 |
| 22:09 | OPGG · age_up feudal |
| 22:24 | 路人的逆襲 · wall_segment Stone Wall x15 |
| 22:27 | Eugen · age_up feudal |
| 22:29 | 路人的逆襲 · wall_segment Stone Wall x1 |
| 22:47 | john200527 · age_up castle |
| 22:49 | s520s · age_up castle |
| 23:07 | john200527 · first_market_buy 100 wood |
| 23:18 | 路人的逆襲 · age_up castle |
| 23:28 | s520s · first_building Monastery |
| 23:33 | 路人的逆襲 · wall_segment Stone Wall x8 |
| 23:36 | 路人的逆襲 · wall_segment Stone Wall x24 |
| 23:50 | 路人的逆襲 · wall_segment Stone Wall x13 |
| 24:03 | s520s · wall_segment Stone Wall x12 |
| 24:29 | john200527 · wall_segment Stone Wall x1 |
| 24:36 | john200527 · wall_segment Stone Wall x17 |
| 24:39 | s520s · wall_segment Stone Wall x14 |
| 24:40 | 路人的逆襲 · wall_segment Stone Wall x14 |
| 25:01 | s520s · wall_segment Stone Wall x12 |
| 25:24 | s520s · wall_segment Stone Wall x9 |
| 25:24 | 路人的逆襲 · wall_segment Stone Wall x13 |
| 25:35 | s520s · wall_segment Stone Wall x14 |
| 25:49 | john200527 · wall_segment Stone Wall x12 |
| 25:51 | OPGG · age_up castle |
| 26:07 | 超級老莫 · wall_segment Stone Wall x24 |
| 26:32 | john200527 · first_building Siege Workshop |
| 27:06 | 路人的逆襲 · first_market_buy 100 food |
| 27:20 | john200527 · first_building Castle |
| 27:22 | 超級老莫 · wall_segment Stone Wall x32 |
| 27:50 | 路人的逆襲 · wall_segment Stone Wall x15 |
| 28:45 | 路人的逆襲 · wall_segment Stone Wall x25 |
| 28:51 | 路人的逆襲 · wall_segment Stone Wall x11 |
| 29:09 | 超級老莫 · wall_segment Stone Wall x20 |
| 29:18 | 路人的逆襲 · wall_segment Stone Wall x15 |
| 29:19 | 超級老莫 · wall_segment Stone Wall x4 |
| 29:30 | john200527 · wall_segment Stone Wall x3 |
| 29:50 | Eugen · wall_segment Stone Wall x15 |
| 30:10 | Eugen · wall_segment Stone Wall x9 |
| 30:12 | 超級老莫 · wall_segment Stone Wall x15 |
| 30:26 | Eugen · wall_segment Stone Wall x16 |
| 30:29 | john200527 · wall_segment Stone Wall x1 |
| 31:55 | 超級老莫 · wall_segment Stone Wall x25 |
| 32:13 | OPGG · wall_segment Stone Wall x26 |
| 32:25 | 超級老莫 · wall_segment Stone Wall x4 |
| 32:57 | Eugen · wall_segment Stone Wall x9 |
| 33:03 | 記得要買VOO和QQQ · wall_segment Stone Wall x27 |
| 33:18 | 路人的逆襲 · wall_segment Stone Wall x16 |
| 33:21 | 超級老莫 · wall_segment Stone Wall x24 |
| 33:40 | 超級老莫 · wall_segment Stone Wall x10 |
| 33:41 | OPGG · wall_segment Stone Wall x5 |
| 33:59 | 路人的逆襲 · first_building Castle |
| 34:21 | 超級老莫 · wall_segment Stone Wall x15 |
| 34:46 | 路人的逆襲 · wall_segment Stone Wall x2 |
| 34:48 | 超級老莫 · age_up castle |
| 34:48 | Eugen · wall_segment Stone Wall x15 |
| 34:50 | OPGG · wall_segment Stone Wall x1 |
| 34:51 | OPGG · wall_segment Stone Wall x1 |
| 34:52 | OPGG · wall_segment Stone Wall x1 |
| 34:57 | s520s · first_market_sell 100 wood |
| 35:01 | Eugen · wall_segment Stone Wall x11 |
| 35:02 | s520s · first_market_buy 100 food |
| 35:13 | OPGG · wall_segment Stone Wall x5 |
| 35:53 | OPGG · wall_segment Stone Wall x27 |
| 36:03 | 超級老莫 · wall_segment Stone Wall x29 |
| 36:16 | 路人的逆襲 · wall_segment Stone Wall x22 |
| 36:40 | Eugen · wall_segment Stone Wall x16 |
| 36:42 | 路人的逆襲 · wall_segment Stone Wall x17 |
| 36:43 | OPGG · wall_segment Stone Wall x7 |
| 36:52 | 超級老莫 · wall_segment Stone Wall x18 |
| 37:04 | 超級老莫 · wall_segment Stone Wall x1 |
| 37:06 | 超級老莫 · wall_segment Stone Wall x2 |
| 37:08 | 超級老莫 · wall_segment Stone Wall x10 |
| 37:14 | Eugen · wall_segment Stone Wall x11 |
| 37:34 | john200527 · wall_segment Stone Wall x4 |
| 37:37 | 超級老莫 · wall_segment Stone Wall x4 |
| 37:39 | 超級老莫 · wall_segment Stone Wall x4 |
| 37:49 | Eugen · age_up castle |
| 37:49 | 路人的逆襲 · wall_segment Stone Wall x15 |
| 37:54 | Eugen · first_market_buy 100 wood |
| 38:19 | s520s · wall_segment Stone Wall x16 |
| 38:29 | 記得要買VOO和QQQ · wall_segment Stone Wall x6 |
| 38:45 | OPGG · wall_segment Stone Wall x7 |
| 39:03 | 記得要買VOO和QQQ · wall_segment Stone Wall x20 |
| 39:03 | 超級老莫 · wall_segment Stone Wall x15 |
| 39:27 | Eugen · wall_segment Stone Wall x15 |
| 39:30 | OPGG · first_building Monastery |
| 39:34 | Eugen · wall_segment Stone Wall x15 |
| 39:39 | 超級老莫 · wall_segment Stone Wall x18 |
| 39:44 | 超級老莫 · wall_segment Stone Wall x17 |
| 39:58 | Eugen · wall_segment Stone Wall x11 |
| 40:38 | 超級老莫 · first_building Monastery |
| 41:01 | 路人的逆襲 · wall_segment Stone Wall x14 |
| 42:22 | 超級老莫 · wall_segment Stone Wall x20 |
| 42:48 | OPGG · first_building Castle |
| 42:48 | Eugen · wall_segment Stone Wall x4 |
| 43:02 | 超級老莫 · wall_segment Stone Wall x16 |
| 43:21 | Eugen · wall_segment Stone Wall x18 |
| 44:03 | 超級老莫 · first_building Siege Workshop |
| 44:16 | 超級老莫 · wall_segment Stone Wall x4 |
| 44:25 | 路人的逆襲 · wall_segment Stone Wall x14 |
| 44:32 | OPGG · age_up imperial |
| 44:56 | Eugen · wall_segment Stone Wall x4 |
| 45:49 | 路人的逆襲 · wall_segment Stone Wall x14 |
| 45:58 | 超級老莫 · wall_segment Stone Wall x9 |
| 46:12 | 超級老莫 · wall_segment Stone Wall x11 |
| 46:12 | s520s · wall_segment Stone Wall x12 |
| 46:17 | Eugen · wall_segment Stone Wall x5 |
| 46:32 | Eugen · wall_segment Stone Wall x4 |
| 46:40 | 超級老莫 · wall_segment Stone Wall x1 |
| 46:41 | john200527 · wall_segment Stone Wall x4 |
| 46:42 | 超級老莫 · wall_segment Stone Wall x1 |
| 46:46 | 超級老莫 · wall_segment Stone Wall x26 |
| 46:51 | john200527 · wall_segment Stone Wall x4 |
| 47:20 | OPGG · first_building Barracks |
| 47:23 | 路人的逆襲 · wall_segment Stone Wall x14 |
| 47:32 | 超級老莫 · wall_segment Stone Wall x24 |
| 47:39 | 超級老莫 · first_building Castle |
| 47:44 | s520s · wall_segment Stone Wall x11 |
| 47:47 | 路人的逆襲 · age_up imperial |
| 47:55 | Eugen · wall_segment Stone Wall x6 |
| 47:57 | Eugen · wall_segment Stone Wall x4 |
| 47:59 | 路人的逆襲 · wall_segment Stone Wall x4 |
| 48:06 | Eugen · wall_segment Stone Wall x3 |
| 48:16 | Eugen · wall_segment Stone Wall x6 |
| 48:21 | OPGG · first_building Stable |
| 48:26 | 超級老莫 · wall_segment Stone Wall x12 |
| 48:26 | Eugen · wall_segment Stone Wall x4 |
| 48:47 | 超級老莫 · wall_segment Stone Wall x12 |
| 48:58 | Eugen · wall_segment Stone Wall x2 |
| 49:01 | Eugen · wall_segment Stone Wall x3 |
| 49:03 | Eugen · wall_segment Stone Wall x22 |
| 49:16 | Eugen · wall_segment Stone Wall x3 |
| 49:21 | Eugen · wall_segment Stone Wall x4 |
| 49:23 | Eugen · wall_segment Stone Wall x3 |
| 49:27 | Eugen · wall_segment Stone Wall x3 |
| 49:58 | Eugen · wall_segment Stone Wall x19 |
| 50:00 | · first_market_sell 100 stone |
| 50:10 | Eugen · wall_segment Stone Wall x5 |
| 50:16 | Eugen · wall_segment Stone Wall x4 |
| 50:26 | OPGG · wall_segment Palisade Wall x1 |
| 50:30 | 超級老莫 · wall_segment Stone Wall x16 |
| 50:34 | 超級老莫 · wall_segment Stone Wall x11 |
| 50:34 | john200527 · wall_segment Stone Wall x4 |
| 50:50 | john200527 · first_building Barracks |
| 50:53 | 記得要買VOO和QQQ · first_building Barracks |
| 50:54 | Eugen · wall_segment Stone Wall x1 |
| 51:06 | 超級老莫 · wall_segment Stone Wall x19 |
| 51:09 | s520s · first_building Castle |
| 51:34 | OPGG · first_building Siege Workshop |
| 51:38 | Eugen · wall_segment Stone Wall x1 |
| 51:38 | Eugen · wall_segment Stone Wall x1 |
| 51:41 | Eugen · wall_segment Stone Wall x4 |
| 51:59 | 超級老莫 · wall_segment Stone Wall x1 |
| 52:02 | 超級老莫 · wall_segment Stone Wall x10 |
| 52:06 | 超級老莫 · wall_segment Stone Wall x11 |
| 52:08 | Eugen · wall_segment Stone Wall x5 |
| 52:22 | 路人的逆襲 · wall_segment Stone Wall x7 |
| 52:23 | 超級老莫 · wall_segment Stone Wall x22 |
| 52:54 | Eugen · first_building Monastery |
| 53:07 | Eugen · wall_segment Stone Wall x5 |
| 53:22 | 超級老莫 · wall_segment Stone Wall x12 |
| 53:37 | Eugen · wall_segment Stone Wall x13 |
| 53:53 | 超級老莫 · wall_segment Stone Wall x26 |
| 54:00 | s520s · wall_segment Stone Wall x30 |
| 54:07 | 超級老莫 · age_up imperial |
| 55:03 | 超級老莫 · first_building Stable |
| 55:29 | Eugen · wall_segment Stone Wall x14 |
| 55:34 | Eugen · wall_segment Stone Wall x2 |
| 55:51 | 超級老莫 · wall_segment Stone Wall x12 |
| 56:03 | john200527 · wall_segment Stone Wall x1 |
| 56:05 | OPGG · wall_segment Palisade Wall x1 |
| 56:09 | OPGG · wall_segment Palisade Wall x1 |
| 56:17 | Eugen · first_building Castle |
| 56:22 | Eugen · wall_segment Stone Wall x5 |
| 56:23 | OPGG · wall_segment Palisade Wall x1 |
| 56:25 | s520s · wall_segment Stone Wall x2 |
| 56:43 | Eugen · wall_segment Stone Wall x10 |
| 56:47 | Eugen · wall_segment Stone Wall x21 |
| 56:54 | Eugen · wall_segment Stone Wall x3 |
| 56:57 | Eugen · wall_segment Stone Wall x4 |
| 57:02 | Eugen · wall_segment Stone Wall x21 |
| 57:10 | Eugen · wall_segment Stone Wall x5 |
| 57:12 | john200527 · wall_segment Stone Wall x2 |
| 57:18 | 超級老莫 · first_building Archery Range |
| 57:29 | s520s · age_up imperial |
| 57:37 | Eugen · wall_segment Stone Wall x13 |
| 57:50 | Eugen · wall_segment Stone Wall x13 |
| 57:52 | 超級老莫 · wall_segment Stone Wall x24 |
| 57:57 | 超級老莫 · wall_segment Stone Wall x10 |
| 58:01 | Eugen · wall_segment Stone Wall x1 |
| 58:10 | Eugen · wall_segment Stone Wall x29 |
| 58:24 | 超級老莫 · wall_segment Stone Wall x6 |
| 58:45 | Eugen · age_up imperial |
| 59:18 | Eugen · wall_segment Stone Wall x22 |
| 59:30 | 記得要買VOO和QQQ · first_building Castle |
| 59:31 | Eugen · wall_segment Stone Wall x5 |
| 59:48 | john200527 · age_up imperial |
| 59:53 | 超級老莫 · wall_segment Stone Wall x33 |
| 60:07 | 超級老莫 · wall_segment Stone Wall x1 |
| 60:10 | 超級老莫 · wall_segment Stone Wall x6 |
| 60:11 | 超級老莫 · wall_segment Stone Wall x1 |
| 60:18 | 路人的逆襲 · first_building Barracks |
| 60:38 | Eugen · wall_segment Stone Wall x13 |
| 60:43 | 超級老莫 · wall_segment Stone Wall x24 |
| 60:46 | 超級老莫 · wall_segment Stone Wall x1 |
| 61:17 | 路人的逆襲 · first_building Stable |
| 62:46 | 記得要買VOO和QQQ · wall_segment Stone Wall x20 |
| 62:55 | 超級老莫 · wall_segment Stone Wall x14 |
| 62:59 | 超級老莫 · wall_segment Stone Wall x9 |
| 63:01 | 超級老莫 · wall_segment Stone Wall x12 |
| 63:08 | 記得要買VOO和QQQ · wall_segment Stone Wall x30 |
| 67:04 | 記得要買VOO和QQQ · wall_segment Stone Wall x11 |
| 68:08 | 記得要買VOO和QQQ · wall_segment Stone Wall x5 |
| 68:43 | 記得要買VOO和QQQ · wall_segment Stone Wall x31 |
| 72:55 | 記得要買VOO和QQQ · wall_segment Stone Wall x3 |
| 74:13 | 記得要買VOO和QQQ · age_up imperial |
| 74:37 | 記得要買VOO和QQQ · wall_segment Stone Wall x1 |
| 74:54 | 記得要買VOO和QQQ · wall_segment Stone Wall x7 |
| 78:29 | 記得要買VOO和QQQ · wall_segment Stone Wall x34 |
| 81:01 | 記得要買VOO和QQQ · wall_segment Stone Wall x18 |
| 83:20 | 記得要買VOO和QQQ · first_market_sell 500 wood |
| 83:36 | 記得要買VOO和QQQ · resign |
[ ANÁLISIS IA · 1 CRÉDITO ]
¿Qué pasó realmente en esta partida?
Wolo.gg analiza cada decisión: build order, eco, micro, errores típicos por bracket. Análisis personalizado por WhatsApp o Discord en 30 segundos.
Guía civ
Sicilianos
Guía mapa
1V7_ZooLN_v3_os25_1.5w (Custom)
Perfil
OPGG